 Dungeon Crawl Stone Soup version 0.24-a0-524-gf43b32f (webtiles) character file.

Game seed: 5042293921289821117

2374 CanOfBees the Zephyrmancer (level 9, -4/54 HPs)
             Began as a Tengu Air Elementalist on July 30, 2019.
             Was a Believer of Sif Muna.
             Slain by an orc warrior
             ... wielding a +0 dire flail
              (16 damage)
             ... on level 6 of the Dungeon.
             The game lasted 00:19:28 (14033 turns).

CanOfBees the Zephyrmancer (TeAE)                  Turns: 14033, Time: 00:19:28

Health: -4/54      AC:  3    Str:  9    XL:     9   Next: 45%
Magic:  17/17      EV: 15    Int: 23    God:    Sif Muna [**....]
Gold:   80         SH:  4    Dex: 14    Spells: 3/17 levels left

rFire    . . .     SeeInvis .   y - +0 rapier
rCold    . . .     Gourm    .   A - +0 buckler
rNeg     . . .     Faith    .   a - +0 robe
rPois    .         Spirit   .   (helmet restricted)
rElec    .         Reflect  .   u - +0 cloak
rCorr    .         Harm     .   (no gloves)
MR       .....                  (boots unavailable)
Stlth    ++........             (no amulet)
HPRegen  0.18/turn              z - +4 ring of intelligence
MPRegen  0.15/turn              (no ring)

@: flying quickly and evasively, hasted, very quick
A: beak, talons 3, able to fly
a: Stop Flying, Channel Magic, Renounce Religion


You were on level 6 of the Dungeon.
You worshipped Sif Muna.
Sif Muna was pleased with you.
You were not hungry.

You visited 2 branches of the dungeon, and saw 8 of its levels.
You also visited: Sewer.

You collected 377 gold pieces.
You spent 297 gold pieces at shops.

Inventory:

Hand Weapons
 y - a +0 rapier (weapon)
Missiles
 g - 7 boomerangs
 i - 4 atropa-tipped darts
 k - 26 poisoned darts (quivered)
 m - a throwing net
 n - 16 javelins
 t - 142 arrows
Armour
 a - a +0 robe (worn)
 u - a +0 cloak (worn)
 A - a +0 buckler (worn)
Jewellery
 z - a +4 ring of intelligence (left hand)
 D - a +6 ring of protection {unknown}
Wands
 v - a wand of flame (19)
 C - a wand of acid (1)
Scrolls
 b - 10 scrolls of remove curse
 d - a scroll of fog
 e - 2 scrolls of amnesia {unknown}
 f - a scroll of noise {unknown}
 j - 2 scrolls of teleportation
 r - a scroll of random uselessness {unknown}
 s - 2 scrolls of immolation
 w - a scroll of enchant weapon {unknown}
 x - 4 scrolls of identify
Potions
 h - a potion of heal wounds {unknown}
 l - 2 potions of haste
 o - a potion of mutation {unknown}
 p - a potion of degeneration {unknown}
 q - a potion of flight {unknown}
 B - a potion of curing
 E - a potion of brilliance {unknown}
Comestibles
 c - 14 rations
 F - 4 chunks of flesh


   Skills:
 + Level 5.2 Fighting
 - Level 3.0 Armour
 - Level 3.1 Dodging
 - Level 2.0 Stealth
 * Level 1.4 Shields
 + Level 4.6 Spellcasting
 - Level 6.0 Conjurations
 - Level 2.0 Charms
 + Level 2.2 Summonings
 + Level 8.1 Air Magic
 - Level 4.0 Invocations


You had 3 spell levels left.
You knew the following spells:

 Your Spells              Type           Power        Failure   Level  Hunger
a - Shock                 Conj/Air       ####         1%          1    None
b - Swiftness             Chrm/Air       ####....     2%          2    None
c - Static Discharge      Conj/Air       #####...     2%          3    ##.....
d - Airstrike             Air            #####.....   4%          4    ####...
e - Summon Lightning Spi  Summ/Air       ####....     16%         4    ####...

Your spell library contained the following spells:

 Spells                   Type           Power        Failure   Level  Hunger
 Summon Small Mammal      Summ           ###.         5%          1    None
 Call Imp                 Summ           ###.....     9%          2    None
 Dazzling Spray           Conj/Hex       ###...       12%         3    ##.....
 Corona                   Hex            #......      14%         1    None
 Call Canine Familiar     Summ           ###.....     16%         3    ##.....
 Ensorcelled Hibernation  Hex/Ice        #.....       21%         2    None
 Summon Guardian Golem    Hex/Summ       ##......     26%         3    ##.....
 Confuse                  Hex            #.......     38%         3    ##.....
 Tukima's Dance           Hex            #.......     38%         3    ##.....
 Lightning Bolt           Conj/Air       #####.....   21%         5    #####..
 Summon Ice Beast         Ice/Summ       ##......     63%         4    ####...


Dungeon Overview and Level Annotations

Branches:
Dungeon (7/15)             Temple (1/1) D:5

Altars:
Ashenzari
Cheibriados
Dithmenos
Elyvilon
Fedhas
Gozag
Kikubaaqudgha
Makhleb
Nemelex Xobeh
Okawaru
Qazlal
Ru
Sif Muna
Trog
Uskayaw
Vehumet
Wu Jian
Xom
Yredelemnul
Zin
The Shining One

Shops:
D:4 =   D:6 *

Annotations:
D:2 exclusion: oklob plant
D:3 1 runed translucent door, Crazy Yiuf


Innate Abilities, Weirdness & Mutations

You have a beak for a mouth.
You have claws for feet.
You can fly continuously.


Message History

Evoke which item? (* to show all) (? for menu, Esc to quit)
Aiming: Corrosive Bolt
Press: ? - help, Shift-Dir - straight line, f/p - orc warrior
Aim: an orc warrior, wielding a +0 dire flail and wearing a +0 plate armour The bolt of acid misses the orc warrior.
Evoke which item? (* to show all) (? for menu, Esc to quit)
Aiming: Corrosive Bolt
Press: ? - help, Shift-Dir - straight line, f/p - orc warrior
Aim: an orc warrior, wielding a +0 dire flail and wearing a +0 plate armour The bolt of acid hits the orc warrior.
The orc warrior is splashed with acid!
The orc warrior is heavily wounded.
The orc warrior hits you with a +0 dire flail!!
The orc warrior hits you with a +0 dire flail!
* * * LOW HITPOINT WARNING * * *
You fly upwards.
There is a stone staircase leading down here.
Okay, then.
You feel yourself speed up.
The orc warrior hits you with a +0 dire flail!
You die...

#....####......########....###
#....#..#......#......#....#..
#....#..#......#......'....#..
#....#..'......#......#....#..
####....####......#####..#....#'#
......................#######....
......................#.....'....
......................'.....#....
...............o@.....#######....
........####.....................
........#..##'#8.8.8.....)....)..
........#..'....⌠.⌠............>.
........#..#...8.∩.8.........####
........#'#####.⌠.⌠.......<..#...
...............8.8.8.........#...
.............................#.##
...........................######


You could see an orc warrior.

Vanquished Creatures
  Sigmund (D:5)
  Eustachio (D:5)
  A hungry ghost (D:6)
  An orc warrior (D:7)
  2 ice beasts
  2 black bears
  An ogre (D:7)
  3 centaurs
  A crocodile (Sewer)
  A big kobold (D:7)
  A scorpion (D:6)
  3 howler monkeys
  3 crimson imps
  4 hounds
  3 orc wizards
  An orc priest (D:5)
  A bullfrog skeleton (D:7)
  3 iguanas
  5 worker ants
  A worker ant zombie (D:5)
  7 gnolls
  6 adders
  2 shadow imps
  3 oozes
  2 adder skeletons
  6 worms
  A dart slug (D:6)
  2 leopard geckos
  8 orcs
  8 bats
  4 giant cockroaches
  6 goblins
  9 hobgoblins
  2 jackals (Sewer)
  16 kobolds
  3 quokkas (D:3)
  2 ball pythons
  7 frilled lizards
  A leopard gecko skeleton (D:7)
  12 rats
  2 fungi (D:2)
148 creatures vanquished.

Notes
Turn   | Place    | Note
-------+----------+-------------------------------------------
     0 | D:1      | CanOfBees the Tengu Air Elementalist began the quest for
                  | the Orb.
     0 | D:1      | Reached XP level 1. HP: 10/10 MP: 4/4
   221 | D:1      | Reached XP level 2. HP: 16/16 MP: 3/6
   229 | D:1      | Learned a level 2 spell: Swiftness
  1006 | D:1      | Reached XP level 3. HP: 20/20 MP: 3/7
  1290 | D:1      | Learned a level 3 spell: Static Discharge
  1431 | D:2      | Reached skill level 1 in Fighting
  1810 | D:2      | Found a deep blue altar of Sif Muna.
  1813 | D:2      | Became a worshipper of Sif Muna the Loreminder
  1976 | D:2      | Found a blossoming altar of Fedhas.
  2001 | D:2      | Noticed an oklob plant
  2178 | D:2      | HP: 1/20 [poisoned by an adder]
  2637 | D:2      | Reached XP level 4. HP: 21/25 MP: 2/8
  3614 | D:3      | Found an ancient bone altar of Kikubaaqudgha.
  3699 | D:3      | Found a glowing drain.
  3722 | Sewer    | Entered a sewer
  3864 | Sewer    | Gained mutation: You can fly continuously. [Tengu growth]
  3864 | Sewer    | Reached XP level 5. HP: 26/29 MP: 2/10
  3869 | Sewer    | Reached * piety under Sif Muna
  4119 | Sewer    | Noticed a crocodile
  4148 | Sewer    | Killed a crocodile
  4148 | Sewer    | Reached skill level 5 in Air Magic
  4148 | Sewer    | Reached skill level 1 in Invocations
  4287 | Sewer    | Learned a level 4 spell: Airstrike
  4574 | D:3      | Found a white marble altar of Elyvilon.
  4590 | D:3      | Found a glowing silver altar of Zin.
  5085 | D:3      | Reached XP level 6. HP: 35/35 MP: 7/11
  5339 | D:3      | Found a sacrificial altar of Ru.
  6008 | D:3      | Found a runed translucent door.
  6009 | D:3      | Noticed Crazy Yiuf
  6876 | D:4      | Found Imaumos's Jewellery Shop.
  6973 | D:4      | Reached XP level 7. HP: 40/40 MP: 5/12
  7330 | D:4      | Reached skill level 6 in Air Magic
  7728 | D:5      | Entered Level 5 of the Dungeon
  7728 | D:5      | Found a burning altar of Makhleb.
  7881 | D:4      | Reached ** piety under Sif Muna
  7881 | D:4      | Reached skill level 1 in Charms
  8182 | D:4      | Found Imaumos's Jewellery Shop.
  8598 | D:5      | Noticed Eustachio
  8837 | D:5      | Noticed Sigmund
  8847 | D:5      | Killed Sigmund
  8847 | D:5      | Reached skill level 5 in Conjurations
  8847 | D:5      | Reached XP level 8. HP: 26/46 MP: 0/13
  9214 | D:5      | Found a shattered altar of Ashenzari.
  9275 | D:5      | Killed Eustachio
  9521 | D:5      | Found a staircase to the Ecumenical Temple.
 10115 | D:6      | Reached skill level 7 in Air Magic
 10458 | D:6      | Found Ebaokkye's Assorted Antiques.
 10592 | D:4      | Bought a +4 ring of intelligence for 297 gold pieces
 10661 | Temple   | Entered the Ecumenical Temple
 11326 | D:6      | Reached skill level 1 in Armour
 11569 | D:6      | Reached XP level 9. HP: 17/52 MP: 8/16
 11906 | D:6      | Found a snail-covered altar of Cheibriados.
 12173 | D:6      | Learned a level 4 spell: Summon Lightning Spire
 12196 | D:6      | Reached skill level 1 in Summonings
 12891 | D:7      | Found a sparkling altar of Nemelex Xobeh.
 12955 | D:7      | Reached skill level 5 in Fighting
 13342 | D:7      | Reached skill level 8 in Air Magic
 13345 | D:7      | Reached skill level 1 in Shields
 14033 | D:6      | Slain by an orc warrior

Levels and vault maps discovered:
D:1:      matt_arrival_refuge, layout_basic, hangedman_decor_lopped
D:2:      layout_loops_ring, lemuel_doored_altar, kennysheep_pointless_box,
          st_stairs_11, tgw_fedhas
D:3:      layout_loops_ring, overflow_temple_1_default,
          nicolae_ru_sacrificial_ziggurat,
          chequers_temple_overflow_statue_of_worship,
          cheibrodos_sewer_entry_bend, uniq_crazy_yiuf_cottage
D:4:      layout_basic, hex_large, minmay_shop_enchanted_jewellery
D:5:      layout_basic, lemuel_round_altar, minmay_temple_entry_wispy,
          first_ration, bloody_makhleb, uniq_sigmund, uniq_eustachio
D:6:      layout_gridville, kennysheep_slug_shrine, serial_shops,
          nicolae_shop_temple_entry_statues_fountains
D:7:      layout_rooms, nemelex_altar_shiori, uniq_menkaure
Temple:   minmay_temple_curvy_branch

Skill      XL: |  1  2  3  4  5  6  7  8  9 |
---------------+----------------------------+-----
Conjurations   | 2 3 4 5 6 |  6.0
Fighting       | 1 2 3 4 5 |  5.2
Dodging        | 3 |  3.1
Spellcasting   | 3 4 |  4.6
Air Magic      | 5 6 7 8 |  8.1
Invocations    | 1 2 3 4 |  4.0
Charms         | 2 |  2.0
Armour         | 1 3 |  3.0
Summonings     | 2 |  2.2
Shields        | 1 |  1.4
Stealth        | |  2.0

Action                   |  1- 3 |  4- 6 |  7- 9 || total
-------------------------+-------+-------+-------++-------
Melee: Unarmed           |     3 |       |       ||     3
       Kick              |     4 |    18 |     3 ||    25
       Peck              |     2 |    12 |     3 ||    17
       Short sword       |    11 |    50 |     3 ||    64
       Rapier            |       |       |    19 ||    19
Throw: Boomerang         |     4 |       |       ||     4
       Dart              |       |     7 |     6 ||    13
 Cast: Shock             |    65 |   107 |   121 ||   293
       Static Discharge  |       |    10 |    40 ||    50
       Airstrike         |       |       |     7 ||     7
 Abil: Fly               |       |     1 |       ||     1
Evoke: Wand              |       |       |     7 ||     7
  Use: Potion            |     1 |       |     4 ||     5
       Scroll            |       |     5 |     3 ||     8
 Stab: Sleeping          |       |       |     1 ||     1
  Eat: Chunk             |     6 |     8 |    10 ||    24
       Ration            |       |     2 |     5 ||     7
Armor: Robe              |     6 |     6 |    13 ||    25
Dodge: Dodged            |    19 |    47 |    80 ||   146
Block: Buckler           |       |       |     5 ||     5

Table legend:
 A = Non-vault XP
 B = Vault XP
 C = Vault XP percentage of total XP
 D = Non-vault monster count
 E = Vault monster count
 F = Vault count percentage of total count
                 A         B        C        D         E       F
            +---------+---------+-------+---------+---------+-------
      Total |    2828 |     564 |  16.6 |     133 |      13 |   8.9
            +---------+---------+-------+---------+---------+-------
        D:1 |      37 |       0 |   0.0 |      23 |       0 |   0.0
        D:2 |     106 |       7 |   6.2 |      25 |       3 |  10.7
        D:3 |     102 |       5 |   4.7 |      23 |       1 |   4.2
        D:4 |     567 |       0 |   0.0 |      18 |       0 |   0.0
        D:5 |     501 |     428 |  46.1 |      13 |       2 |  13.3
        D:6 |     763 |       4 |   0.5 |      11 |       1 |   8.3
        D:7 |     752 |       0 |   0.0 |      20 |       0 |   0.0
      Sewer |       0 |     120 | 100.0 |       0 |       6 | 100.0
            +---------+---------+-------+---------+---------+-------
